 Dungeon Crawl Stone Soup version 0.31-a0-771-g505c3d19dc (webtiles) character file.

Game seed: 5209013380723865806

109437 Zonian the Demolition Armataur (level 16, -2/171 HPs)
             Began as an Armataur Fighter on Sept 16, 2023.
             Was an Elder of Makhleb.
             Slain by a culicivora (5 damage)
             ... on level 2 of the Spider Nest.
             The game lasted 02:04:20 (44481 turns).

Zonian the Demolition Armataur (Armataur Fighter)  Turns: 44481, Time: 02:04:21

Health: -2/171     AC: 19    Str: 20    XL:     16   Next: 4%
Magic:  8/36       EV:  6    Int: 16    God:    Makhleb [****..]
Gold:   1733       SH:  0    Dex: 23    Spells: 23/23 levels left

rFire   . . .        a - +4 short sword of Viubriji {distort, MP+9 Int+4 Dex+3}
rCold   + + .        G - +3 warlock's mirror {omnireflect}
rNeg    + + .        L - +0 ring mail of Theory {rPois rN++ Regen+ Stlth-}
rPois   +            Q - +2 helmet
rElec   +            x - scarf of the Spider Nest {+Inv, rElec Int+5 SInv}
rCorr   +            i - +2 pair of gloves
SInv    +            b - +0 barding
Will    +....        h - amulet "Lefazoesk" {Reflect rC+ rCorr Str-5 SH+5 SInv}
Stlth   ++           f - ring of Shadows {Umbra +Inv Stlth+}
HPRegen 1.28/turn    D - ring "Otailasch" {+Blink rPois rC+ SInv}
MPRegen 0.25/turn

%: reflection, roll
@: confused, lethally poisoned (-2 -> -21), ambrosia-drunk, spiked, on berserk
cooldown, slowed, wreathed by umbra, studying 2 skills, very slow
A: large, rugged brown scales 3, deformed body, armoured tail, roll, long
tongue, awkward tongue, talons 1, agile 2, robust 1, screaming 1
a: Renounce Religion, Evoke Blink, Evoke Invisibility, Minor Destruction, Lesser
Servant of Makhleb, Major Destruction


You were on level 2 of the Spider Nest.
You worshipped Makhleb.
Makhleb was greatly pleased with you.
You visited 4 branches of the dungeon, and saw 24 of its levels.

You collected 2291 gold pieces.
You spent 558 gold pieces at shops.

Inventory:

Hand Weapons
 a - the +4 short sword of Viubriji (weapon) {distort, MP+9 Int+4 Dex+3}
   (You found it on level 15 of the Dungeon)

   Int+4:     It affects your intelligence (+4).
   Dex+3:     It affects your dexterity (+3).
   MP+9:      It affects your magic capacity (+9).
Missiles
 k - 26 poisoned darts
 m - 2 throwing nets
 J - 4 curare-tipped darts
Armour
 b - a +0 barding (worn)
 i - a +2 pair of gloves (worn)
 x - the scarf of the Spider Nest (worn) {+Inv, rElec Int+5 SInv}
   (You found it on level 7 of the Dungeon)

   Int+5:     It affects your intelligence (+5).
   rElec:     It insulates you from electricity.
   SInv:      It lets you see invisible.
 E - a +2 cloak of stealth
 G - the +3 warlock's mirror (worn) {omnireflect}
   (You found it on level 5 of the Lair of Beasts)

   Omnireflect: It can block and reflect piercing ranged attacks and magical
   attacks against the wielder's willpower.
 L - the +0 ring mail of Theory (worn) {rPois rN++ Regen+ Stlth-}
   (You found it on level 3 of the Dungeon)

   rPois:     It protects you from poison rN++: It greatly protects you from
   negative energy.
   Regen+:    It increases your rate of health regeneration.
   Stlth-:    It makes you less stealthy.
 Q - a +2 helmet (worn)
Jewellery
 d - a ring of flight
 e - a +4 ring of slaying
 f - the ring of Shadows (left hand) {Umbra +Inv Stlth+}
   (You found it on level 10 of the Dungeon)

   [ring of stealth]

   Umbra:     It surrounds you with an aura of shadow, increasing your stealth
   and reducing the accuracy of all others within it.
   +Inv:      It lets you turn invisible.
   Stlth+:    It makes you more stealthy.
 h - the amulet "Lefazoesk" (around neck) {Reflect rC+ rCorr Str-5 SH+5 SInv}
   (You bought it in a shop on level 13 of the Dungeon)

   [amulet of reflection]

   Reflect:   It reflects blocked missile attacks.
   Str-5:     It affects your strength (-5).
   rC+:       It protects you from cold.
   SInv:      It lets you see invisible.
   rCorr:     It protects you from acid and corrosion.
   SH+5:      It affects your SH (+5).
 t - an amulet of faith
 v - an amulet of guardian spirit
 y - a ring of protection from fire
 D - the ring "Otailasch" (right hand) {+Blink rPois rC+ SInv}
   (You acquired it on level 8 of the Dungeon)

   [ring of poison resistance]

   rC+:       It protects you from cold.
   rPois:     It protects you from poison SInv: It lets you see invisible.
   +Blink:    It lets you blink.
 P - a ring of poison resistance
Wands
 c - a wand of iceblast (1)
 s - a wand of polymorph (10)
 u - a wand of charming (13)
 w - a wand of digging (12)
Scrolls
 g - 4 scrolls of noise
 j - 7 scrolls of identify
 n - 4 scrolls of amnesia
 o - 2 scrolls of silence
 p - 6 scrolls of fog
 z - a scroll of vulnerability
 F - 5 scrolls of poison
 N - 2 scrolls of blinking
 O - 3 scrolls of immolation
 T - 2 scrolls of revelation
 V - a scroll of summoning
Potions
 l - 5 potions of mutation
 q - 2 potions of might
 r - 5 potions of brilliance
 A - a potion of haste
 B - 2 potions of ambrosia
 C - a potion of enlightenment
 H - a potion of magic
 W - a potion of resistance


   Skills:
 + Level 14.6 Fighting
 - Level 9.7(10.0) Short Blades
 - Level 3.4(7.0) Long Blades
 - Level 8.8 Armour
 - Level 12.0 Stealth
 - Level 8.0 Shields
 - Level 4.0 Spellcasting
 + Level 15.2 Invocations
 - Level 12.0 Evocations


You had 23 spell levels left.
You didn't know any spells.
Your spell library contained the following spells:

 Spells                   Type           Power      Damage    Failure   Level
 Apportation              Tloc           6%         N/A       30%         1
 Foxfire                  Conj/Fire      12%        2x1d4     30%         1
 Kiss of Death            Conj/Necr      12%        2d6       30%         1
 Magic Dart               Conj           12%        1d3       30%         1
 Necrotise                Necr           12%        1d4       30%         1
 Slow                     Hex            12%        N/A       30%         1
 Cigotuvi's Dreadful Rot  Necr/Pois/Air  6%         N/A       43%         2
 Searing Ray              Conj           6%         2d4       43%         2
 Call Canine Familiar     Summ           3%         N/A       67%         3
 Confusing Touch          Hex            3%         N/A       67%         3
 Dazzling Flash           Conj/Hex       6%         N/A       67%         3
 Inner Flame              Hex/Fire       3%         N/A       67%         3
 Sigil of Binding         Hex            3%         N/A       67%         3
 Summon Guardian Golem    Hex/Summ       3%         N/A       67%         3
 Tukima's Dance           Hex            3%         N/A       67%         3
 Vampiric Draining        Necr           3%         2d6       67%         3
 Volatile Blastmotes      Fire/Tloc      6%         2d10      67%         3
 Animate Armour           Summ/Erth      6%         N/A       97%         4
 Dimensional Bullseye     Hex/Tloc       1%         N/A       97%         4
 Dispel Undead            Necr           3%         3d7       97%         4
 Flame Wave               Conj/Fire      3%         2d5       97%         4
 Fulminant Prism          Conj/Hex       1%         3d5       97%         4
 Iskenderun's Mystic Bla  Conj/Tloc      3%         2d3       97%         4
 Leda's Liquefaction      Hex/Erth       1%         N/A       97%         4
 Olgreb's Toxic Radiance  Pois           3%         N/A       97%         4
 Sticky Flame             Conj/Fire      3%         2d3       97%         4
 Summon Lightning Spire   Summ/Air       3%         N/A       97%         4
 Borgnjor's Vile Clutch   Necr/Erth      1%         N/A       100%        5
 Lee's Rapid Deconstruct  Erth           1%         3d4*      100%        5
 Summon Forest            Summ/Tloc      1%         N/A       100%        5
 Summon Mana Viper        Hex/Summ       3%         N/A       100%        5
 Conjure Ball Lightning   Conj/Air       1%         3x3d6     100%        6
 Plasma Beam              Fire/Air       1%         2x1d11    100%        6
 Starburst                Conj/Fire      1%         6d3       100%        6
 Summon Cactus Giant      Summ           1%         N/A       100%        6
 Orb of Destruction       Conj           1%         9d5       100%        7
 Spellforged Servitor     Conj/Summ      1%         N/A       100%        7
 Discord                  Hex            1%         N/A       100%        8
 Disjunction              Tloc           1%         N/A       100%        8
 Ignition                 Fire           1%         3d3       100%        8
 Maxwell's Capacitive Co  Air            1%         ∞         100%        8
 Shatter                  Erth           1%         3d6*      100%        9


Dungeon Overview and Level Annotations

Branches:
Dungeon (15/15)            Temple (0/1) D:6            Lair (5/5) D:9
  Swamp (0/4) Lair:3       Spider (2/4) Lair:3        Slime (0/5) Lair:4
    Orc (2/2) D:11            Elf (0/3) Orc:2        Vaults (0/5) D:14
 Depths (0/4) D:15

Altars:
Ashenzari
Cheibriados
Dithmenos
Elyvilon
Fedhas
Hepliaklqana
Makhleb
Nemelex Xobeh
Okawaru
Qazlal
Ru
Sif Muna
Trog
Uskayaw
Xom
Zin
The Shining One
Jiyva

Shops:
D:6 (   D:8 *   D:9 =   D:12 (   D:13 =   Orc:2 [[:=

Annotations:
D:7 Jeremiah
D:10 2 transporters
Spider:1 Mlioglotl, Roxanne


Innate Abilities, Weirdness & Mutations

You are completely covered in rugged brown scales. (AC +3, +7% HP)
Armour fits poorly on your strangely shaped body.
You have a long armoured tail.
You roll when moving toward enemies. (Rampage)
Your long tongue fully drains potion bottles. (2x potion effects)
Your tongue gives you trouble enunciating. (1.5x scroll delay)
You have sharp toenails.
You are very agile. (Dex +8, Str/Int -2)
You are robust. (+10% HP)
You occasionally shout uncontrollably at your foes.


Message History

The redback bites you.
* * * LOW HITPOINT WARNING * * *
The redback bites you but does no damage.
The steelbarb worm barely misses you.
You hit the tarantella. You tail-slap the tarantella!
The tarantella is heavily wounded.
* * * LOW HITPOINT WARNING * * *
You feel extremely sick. The culicivora barely misses you.
The redback completely misses you.
The tarantella touches you but does no damage.
The redback closely misses you.
The culicivora chitters at the tarantella.
The tarantella is healed somewhat.
The steelbarb worm hits you!
* * * LOW HITPOINT WARNING * * *
Barbed spikes become lodged in your body.
The redback bites you but does no damage.
The tarantella touches you but does no damage.
You are more confused.
You feel invigorated.
You slurp down every last drop of the potion of ambrosia!
* * * LOW HITPOINT WARNING * * *
You feel extremely sick. The redback bites you.
* * * LOW HITPOINT WARNING * * *
The culicivora chitters at the tarantella.
The tarantella is healed somewhat.
A wolf spider comes into view.
You yell at the wolf spider!
The ghost moth stares at you.
You feel your power leaking away. The culicivora bites you.
* * * LOW HITPOINT WARNING * * *
The culicivora draws strength from your injuries!
The tarantella touches you but does no damage.
The redback bites you but does no damage.
The redback closely misses you. The steelbarb worm hits you.
* * * LOW HITPOINT WARNING * * *
Barbed spikes become lodged in your body.
The culicivora bites you.
You die...

.....?.....####
..^#..........#
#...#.......# ..#
#....#.^...##...##
#....##....^^...#.
####s..#....##...#.(
#..#sw.B..>.........
#..s@sy.<..s.#..)...
#..sss.........)...
##..s...........^..
#.....#...(...#####.
#....###..##........
##.### #####........
## ##.#..... s# ....
.. #..


You could see a radroach, a ghost moth (invisible), a steelbarb worm, a wolf
spider (wandering), 3 culicivoras, 2 tarantellas and 3 redbacks.

Vanquished Creatures
  Nikola (Spider:1)
  An emperor scorpion (Spider:1)
  2 ghost moths (Spider:1)
  2 juggernaut skeletons (D:15)
  Nessos (D:12)
  An eleionoma (Lair:3)
  7 hydras
  A catoblepas (D:15)
  An ogre mage (D:14)
  3 centaur warriors
  4 boulder beetles
  A jorogumo (Spider:1)
  A tengu warrior (D:14)
  A death knight (D:10)
  6 two-headed ogres
  6 death yaks
  The ghost of avis the Nimble, a journeyman FeSh of the Shining One (D:11)
  A vampire mage (D:15)
  4 skeletal warriors
  4 skysharks (Lair:5)
  Lodul (D:13)
  A goliath frog (Lair:5)
  A steelbarb worm (Spider:1)
  A lindwurm (Lair:4)
  A wizard (D:11)
  A necromancer (D:15)
  A wolf spider (Spider:1)
  2 deep elf pyromancers
  2 orc knights (Orc:2)
  2 orc sorcerers
  A moth of wrath (Spider:1)
  4 cyclopes
  A manticore (D:12)
  Maurice (D:8)
  18 elephants
  6 centaur zombies (D:15)
  2 gargoyles (D:12)
  24 cane toads
  A torpor snail (Lair:5)
  An unseen horror (D:11)
  A kobold demonologist (D:8)
  2 rime drakes
  6 komodo dragons
  2 efreet
  4 tengu conjurers
  5 trolls
  3 polar bears
  A harpy zombie (D:15)
  8 meliai
  7 tarantellas
  6 hornets
  A tyrant leech (Lair:4)
  2 slime creatures (D:10)
  12 blink frogs
  Sigmund (D:2)
  3 culicivoras
  A shadow (D:14)
  A jumping spider (shapeshifter) (D:13)
  A spriggan (Lair:3)
  5 jumping spiders (Spider:1)
  3 vampires (D:15)
  4 wraiths
  3 wyverns
  45 yaks
  3 basilisks
  3 fire bats (Lair:5)
  16 redbacks
  15 vampire mosquitoes
  2 steam dragons
  Menkaure (D:5)
  2 acid dragons
  17 water moccasins
  A human skeleton (D:15)
  A sky beast (D:8)
  27 orc warriors
  2 ice beasts
  5 black bears
  11 ogres
  11 wolves
  20 centaurs
  2 phantoms
  A kobold brigand (D:9)
  15 bullfrogs
  2 gnoll sergeants
  2 scorpions
  14 wights
  5 electric eels
  3 howler monkeys
  6 hounds
  5 jellies
  17 orc priests
  A gnoll bouda (D:4)
  3 sleepcaps
  A boggart zombie (D:15)
  26 orc wizards
  Robin (D:4)
  17 gnolls
  9 adders
  2 shadow imps
  A white imp (D:6)
  An ufetubus (D:5)
  4 dart slugs
  64 orcs
  3 bats
  7 endoplasms
  3 giant cockroaches
  8 hobgoblins
  3 jackals (D:2)
  16 kobolds
  A quokka (D:1)
  7 ball pythons
  3 frilled lizards
  10 goblins
  12 rats
660 creatures vanquished.

Vanquished Creatures (collateral kills)
  2 hydras
  3 death yaks (Lair:5)
  A tengu warrior (D:10)
  A black mamba (Lair:5)
  A stone giant skeleton (D:15)
  A centaur zombie (D:15)
  4 cane toads
  2 komodo dragons (Lair:5)
  A rime drake (Lair:5)
  An efreet (D:15)
  A tyrant leech (Lair:5)
  8 blink frogs
  A centaur simulacrum (D:10)
  A jumping spider (Spider:1)
  A wyvern (Lair:4)
  2 yaks
  2 vampire mosquitoes (Lair:5)
  2 orc warriors
  A centaur (D:12)
  2 wolves (Lair:5)
  2 bullfrogs (Lair:5)
  2 wights (D:8)
  2 gnolls (D:5)
44 creatures vanquished.

Vanquished Creatures (others)
  An ugly thing (D:12)
  A tarantella (Spider:1)
  A vampire mosquito (D:11)
  A centaur (Orc:2)
4 creatures vanquished.

Grand Total: 708 creatures vanquished

Notes
Turn   | Place    | Note
-------+----------+-------------------------------------------
     0 | D:1      | Zonian the Armataur Fighter began the quest for the Orb.
     0 | D:1      | Reached XP level 1. HP: 19/19 MP: 1/1
   122 | D:1      | Reached XP level 2. HP: 25/26 MP: 2/2
   814 | D:1      | Reached XP level 3. HP: 30/33 MP: 3/3
  1276 | D:2      | Noticed Sigmund
  1331 | D:2      | Killed Sigmund
  1332 | D:2      | Reached XP level 4. HP: 33/42 MP: 4/4
  1332 | D:2      | Reached XP level 5. HP: 38/49 MP: 5/5
  1572 | D:3      | Found a burning altar of Makhleb.
  1574 | D:3      | Became a worshipper of Makhleb the Destroyer
  1628 | D:3      | Reached skill level 5 in Armour
  1849 | D:3      | Reached XP level 6. HP: 23/55 MP: 6/6
  1996 | D:3      | Found a stormy altar of Qazlal.
  1998 | D:3      | Noticed a water elemental
  1999 | D:3      | Noticed a fire elemental
  1999 | D:3      | Noticed an air elemental
  2295 | D:3      | Found a glowing silver altar of Zin.
  2296 | D:3      | Noticed an angel
  2492 | D:3      | Identified the +0 ring mail of Theory {rPois rN++ Regen+
                  | Stlth-}
  2920 | D:4      | Reached skill level 1 in Invocations
  3234 | D:4      | Reached skill level 5 in Shields
  3501 | D:4      | Found an iron altar of Okawaru.
  3551 | D:4      | Reached * piety under Makhleb
  3555 | D:4      | HP: 1/55 [gnoll/+0 spear[a gnoll bouda] (3)]
  3567 | D:4      | Reached XP level 7. HP: 33/63 MP: 8/8
  4194 | D:4      | Reached skill level 1 in Short Blades
  4194 | D:4      | Reached skill level 2 in Invocations
  4441 | D:4      | Noticed Robin
  4450 | D:4      | Killed Robin
  4577 | D:5      | Entered Level 5 of the Dungeon
  4991 | D:5      | Reached ** piety under Makhleb
  5148 | D:5      | Reached skill level 3 in Invocations
  5166 | D:5      | Noticed Menkaure
  5278 | D:5      | Reached XP level 8. HP: 15/71 MP: 10/10
  5685 | D:5      | Killed Menkaure
  5686 | D:5      | Reached skill level 5 in Fighting
  5941 | D:5      | Found a snail-covered altar of Cheibriados.
  6098 | D:5      | Got embossed
  6318 | D:6      | Found a hazy altar of Hepliaklqana.
  6348 | D:6      | Got an engraved
  6763 | D:6      | Reached skill level 4 in Invocations
  7722 | D:6      | Found Qeoroeq's Weapon Boutique.
  7745 | D:6      | Found a staircase to the Ecumenical Temple.
  7829 | D:6      | Reached skill level 5 in Invocations
  7829 | D:6      | Reached XP level 9. HP: 68/80 MP: 9/12
  8449 | D:7      | Found a transporter.
  8456 | D:7      | Found a transporter.
  8507 | D:7      | Found a hide-covered altar of Uskayaw.
  8514 | D:7      | Identified the +1 flail "Girghoeqa" {drain, rC+ Stlth+}
  8697 | D:7      | Reached skill level 5 in Short Blades
  9169 | D:7      | Noticed Jeremiah
  9408 | D:7      | Reached skill level 6 in Invocations
  9521 | D:7      | Found a bloodstained altar of Trog.
  9527 | D:7      | Got a ragged
  9691 | D:8      | Found a sparkling altar of Nemelex Xobeh.
 10126 | D:8      | Found a blossoming altar of Fedhas.
 10190 | D:8      | Identified a scroll of acquirement
 10191 | D:8      | Acquired the ring "Otailasch" {+Blink rPois rC+ SInv}
 10216 | D:8      | Reached *** piety under Makhleb
 10724 | D:8      | Reached skill level 7 in Invocations
 10724 | D:8      | Reached XP level 10. HP: 25/85 MP: 8/15
 10762 | D:8      | Reached skill level 1 in Stealth
 10941 | D:8      | Noticed Maurice
 11211 | D:8      | Maurice stole an amulet of faith
 11212 | D:8      | Maurice stole a +3 dagger
 11217 | D:8      | Maurice stole an orb of mayhem
 11218 | D:8      | Maurice stole a throwing net
 11222 | D:8      | Maurice stole 255 gold
 11230 | D:8      | Killed Maurice
 11397 | D:8      | Found a shadowy altar of Dithmenos.
 12589 | D:8      | Found a shimmering altar of Xom.
 12616 | D:8      | Found Toyseu's Tempting Trifles.
 12624 | D:8      | Bought a throwing net for 39 gold pieces
 12921 | D:8      | Found a white marble altar of Elyvilon.
 14050 | D:9      | Found a shimmering blue altar of Sif Muna.
 14333 | D:9      | Found a staircase to the Lair.
 15394 | D:9      | Reached skill level 8 in Invocations
 15638 | D:9      | Found Ygedipud's Jewellery Emporium.
 15762 | D:9      | Acquired a manual of Spellcasting
 15832 | Lair:1   | Entered Level 1 of the Lair of Beasts
 15837 | Lair:1   | Noticed a cane toad
 15989 | D:9      | Killed a cane toad
 15990 | D:9      | Reached skill level 1 in Spellcasting
 16276 | D:9      | Gained mutation: You do not regenerate when monsters are
                  | visible. [potion of mutation]
 16276 | D:9      | Gained mutation: You have very sharp teeth. [potion of
                  | mutation]
 16276 | D:9      | Gained mutation: Your muscles are strong. (Str +4, Int/Dex
                  | -1) [potion of mutation]
 16276 | D:9      | Gained mutation: Your flesh is cold resistant. (rC+)
                  | [potion of mutation]
 16276 | D:9      | Gained mutation: You are clumsy. (Dex -2) [potion of
                  | mutation]
 16276 | D:9      | Lost mutation: Your flesh is cold resistant. (rC+) [potion
                  | of mutation]
 16276 | D:9      | Gained mutation: You possess an exceptional clarity of
                  | mind. [potion of mutation]
 16277 | D:9      | Lost mutation: You have very sharp teeth. [potion of
                  | mutation]
 16277 | D:9      | Lost mutation: You do not regenerate when monsters are
                  | visible. [potion of mutation]
 16277 | D:9      | Lost mutation: You are clumsy. (Dex -2) [potion of
                  | mutation]
 16277 | D:9      | Lost mutation: Your muscles are strong. (Str +4, Int/Dex
                  | -1) [potion of mutation]
 16277 | D:9      | Lost mutation: You possess an exceptional clarity of mind.
                  | [potion of mutation]
 16277 | D:9      | Gained mutation: You are agile. (Dex +4, Str/Int -1)
                  | [potion of mutation]
 16277 | D:9      | Gained mutation: You have sharp toenails. [potion of
                  | mutation]
 16277 | D:9      | Gained mutation: You occasionally shout uncontrollably at
                  | your foes. [potion of mutation]
 16277 | D:9      | Gained mutation: You are robust. (+10% HP) [potion of
                  | mutation]
 16277 | D:9      | Gained mutation: You are very agile. (Dex +8, Str/Int -2)
                  | [potion of mutation]
 16422 | Lair:1   | Reached skill level 5 in Stealth
 16783 | Lair:1   | Reached XP level 11. HP: 90/111 MP: 13/17
 18629 | Lair:2   | Reached **** piety under Makhleb
 18857 | Lair:3   | Found a hole to the Spider Nest.
 18893 | Lair:3   | Noticed a five-headed hydra
 18900 | Lair:3   | Noticed a four-headed hydra
 18901 | Lair:3   | Killed a five-headed hydra
 18902 | Lair:3   | Reached skill level 9 in Invocations
 18908 | Lair:3   | Killed a four-headed hydra
 19076 | Lair:3   | Reached XP level 12. HP: 124/124 MP: 19/19
 19324 | Lair:3   | Noticed an eleionoma
 19325 | Lair:3   | Found a staircase to the Swamp.
 19410 | Lair:3   | Reached skill level 10 in Fighting
 19466 | Lair:3   | Reached skill level 10 in Invocations
 20337 | Lair:4   | Found a staircase to the Slime Pits.
 20338 | Lair:4   | Found a viscous altar of Jiyva.
 20401 | Lair:4   | Noticed a death yak
 20471 | Lair:4   | Noticed a boulder beetle
 20503 | Lair:4   | Killed a boulder beetle
 20805 | Lair:4   | Noticed a seven-headed hydra
 21365 | Lair:4   | Reached skill level 11 in Invocations
 21367 | Lair:4   | Noticed a death yak
 21368 | Lair:4   | Noticed a death yak
 21368 | Lair:4   | Noticed a death yak
 21368 | Lair:4   | Noticed a death yak
 21441 | Lair:4   | Killed a seven-headed hydra
 21725 | Lair:5   | Entered Level 5 of the Lair of Beasts
 21725 | Lair:5   | Noticed a death yak
 21725 | Lair:5   | Noticed a death yak
 21725 | Lair:5   | Noticed a death yak
 22023 | Lair:4   | Reached XP level 13. HP: 54/135 MP: 9/21
 22771 | Lair:5   | Reached skill level 10 in Stealth
 23628 | Lair:5   | Reached skill level 1 in Evocations
 23643 | Lair:5   | Reached skill level 12 in Invocations
 23659 | Lair:4   | Paralysed by a hornet for 1 turns
 27303 | Lair:5   | Reached XP level 14. HP: 135/147 MP: 21/23
 27885 | Lair:5   | Found the +3 warlock's mirror {omnireflect}
 27910 | Lair:5   | Identified the ring of Caofif {rN+ AC+4 Int+3 Dex+4}
 29691 | D:10     | Entered Level 10 of the Dungeon
 30250 | D:10     | Found a broken altar of Ashenzari.
 30250 | D:10     | Found a transporter.
 30250 | D:10     | Noticed a frost giant
 30259 | D:10     | Found a transporter.
 30431 | D:10     | Identified the +1 plate armour "Tyblowu" {rC+++ MP-9}
 30617 | D:10     | Reached skill level 5 in Evocations
 30811 | D:10     | Found the ring of Shadows {Umbra +Inv Stlth+}
 31392 | D:11     | Reached skill level 13 in Invocations
 31437 | D:11     | Found a runed translucent door.
 31474 | D:11     | Noticed avis's ghost (journeyman FeSh)
 32287 | D:11     | Found a staircase to the Orcish Mines.
 32578 | D:11     | Killed avis's ghost
 33301 | D:12     | Found Ahior's Weapon Emporium.
 33859 | D:12     | Noticed Nessos
 34154 | D:12     | Killed Nessos
 34756 | D:7      | Identified the scarf of the Spider Nest {+Inv, rElec Int+5
                  | SInv}
 35002 | D:6      | Found a sacrificial altar of Ru.
 35165 | D:13     | Found a glowing golden altar of the Shining One.
 35448 | D:13     | Found Muisun's Jewellery Shoppe.
 35453 | D:13     | Bought the amulet "Lefazoesk" {Reflect rC+ rCorr Str-5 SH+5
                  | SInv} for 519 gold pieces
 35635 | D:13     | Noticed Lodul
 36205 | D:13     | Killed Lodul
 36626 | D:14     | Reached XP level 15. HP: 103/157 MP: 25/25
 37450 | D:14     | Found a gate to the Vaults.
 37532 | D:14     | Found a shadowy altar of Dithmenos.
 38150 | D:15     | Entered Level 15 of the Dungeon
 39221 | D:15     | Found a staircase to the Depths.
 39255 | D:15     | Reached skill level 14 in Invocations
 39842 | D:15     | Reached skill level 10 in Evocations
 39963 | D:15     | Identified the +4 short sword of Viubriji {distort, MP+9
                  | Int+4 Dex+3}
 40463 | Orc:1    | Entered Level 1 of the Orcish Mines
 40623 | Orc:2    | Entered Level 2 of the Orcish Mines
 40987 | Orc:2    | Found a staircase to the Elven Halls.
 41406 | Orc:2    | Reached ***** piety under Makhleb
 41639 | Orc:2    | Found Owifiph's Armour Shop.
 41639 | Orc:2    | Found Ynaunuv's Book Shoppe.
 41641 | Orc:2    | Found Gaywust's Jewellery Emporium.
 41643 | Orc:2    | Found Ninoprit's Antique Armour Boutique.
 41951 | Spider:1 | Entered Level 1 of the Spider Nest
 41983 | Spider:1 | HP: 1/161 [jumping spider (22)]
 42479 | Spider:1 | Noticed Nikola
 42487 | Spider:1 | Killed Nikola
 42703 | Spider:1 | Noticed Mlioglotl
 42744 | Spider:1 | Noticed a tentacled starspawn
 42880 | Spider:1 | Noticed Roxanne
 43209 | Spider:1 | Reached skill level 15 in Invocations
 43273 | Spider:1 | Noticed an emperor scorpion
 43284 | Spider:1 | Killed an emperor scorpion
 43389 | Spider:1 | Reached XP level 16. HP: 155/171 MP: 27/27
 44478 | Spider:2 | HP: 8/171 [poisoned by a redback]
 44481 | Spider:2 | HP: 3/171 [steelbarb worm (4)]
 44481 | Spider:2 | Slain by a culicivora

Illustrated notes

Levels and vault maps discovered:
D:1:      scummos_arrival_simple_crosswalls, layout_basic
D:2:      layout_rooms, uniq_sigmund
D:3:      minmay_inner_zag, layout_loops_corners,
          nicolae_qazlal_style_of_elements, overflow_temple_1_default, zin_angel
D:4:      layout_basic, okawaru_ov_weapons_minmay, serial_aquarium,
          aquarium_bridge_square [aquarium_subvault_bridge,
          aquarium_subvault_bridge, aquarium_subvault_wall,
          aquarium_subvault_bridge], aquarium_bridge_straight
          [aquarium_subvault_bridge, aquarium_subvault_wall,
          aquarium_subvault_bridge, aquarium_subvault_wall],
          aquarium_window_corridor_1, aquarium_window_corner,
          aquarium_window_fake, aquarium_window_2, aquarium_view_2e,
          aquarium_view_2c, aquarium_balcony_3a, uniq_robin
D:5:      layout_basic, mainiacjoe_overflow_concentric_impassable, uniq_menkaure
D:6:      layout_loops_ring, kennysheep_mini, mainiacjoe_overflow_tiny_flanked,
          minmay_temple_entry_statues_pillars, serial_shops,
          nicolae_shop_pleasant_corner_grove, chequers_serial_rivers_large_b,
          eino_small_chamber_without_monster, minmay_puff
D:7:      gammafunk_beogh_shrine, layout_loops_ring, trog_book,
          mainiacjoe_overflow_chevrons, kennysheep_generic_room_9, uniq_jeremiah
D:8:      layout_basic, nicolae_elyvilon_temple_path, xom_butterflies,
          mainiacjoe_overflow_catwalk, kennysheep_little_box,
          nemelex_xobeh_ov_fountains_minmay, nicolae_alphabet_shops,
          uniq_maurice
D:9:      layout_cave_pools, nicolae_sif_muna_condensation, erik_lair_island,
          serial_shops, nicolae_shop_gaudy_bauble
D:10:     minmay_cut_squares, layout_stronghold, gammafunk_temple_overflow_arena
D:11:     layout_loops_ring, david_orc_1_choice, ebering_ghost_inner_flame
D:12:     layout_basic, serial_shops, shop, gauntlet_entry_generic, uniq_nessos
D:13:     layout_stronghold, serial_shops, nicolae_shop_hallway_plus,
          minmay_tree_intersection, tso_metal_star, uniq_lodul
D:14:     layout_layer_cave, david_vaults_2, grunt_dithmenos_shadows
D:15:     gammafunk_depths_entry_grave, layout_stronghold, serial_undead,
          serial_undead_d, serial_undead_c, serial_undead_e, serial_undead_c,
          serial_undead_d
Lair:1:   layout_long_grid, pdpol_lair_neglected_garden,
          gammafunk_lair_bear_cave
Lair:2:   dpeg_oklob_shooting_range, layout_cave_pods, grunt_megastairs_3
Lair:3:   layout_loops_ring, alex1729_swamp_entry_worm_eleionoma,
          spider_nest_entry_rubble, st_stairs_8, grunt_forest_stairs_clearing,
          grunt_megastairs_4
Lair:4:   layout_hall_layers, slime_entry_1, beast_lair_carwin_1,
          grunt_megastairs_2, infiniplex_staircase_pool_2
Lair:5:   minmay_lair_end_frog_pond, layout_gridlike,
          nicolae_volcano_entry_batcave, dreamdust_wasp_nest
Spider:1: layout_chambers, hangedman_spider_tarantella_strand, uniq_mlioglotl,
          uniq_roxanne, uniq_nikola
Spider:2: layout_spider_delve, spiders_nest_hornet_nest
Orc:1:    layout_diamond_mine
Orc:2:    st_orc_rangers, layout_caves, basic_altar

Skill      XL: |  1  2  3  4  5  6  7  8  9 10 11 12 13 14 15 |
---------------+----------------------------------------------+-----
Long Blades    | 2 3 |  3.4
Armour         | 4 5 6 7 8 |  8.8
Fighting       | 3 4 6 7 8 9 11 12 13 14 | 14.6
Shields        | 4 5 6 8 |  8.0
Invocations    | 1 3 5 7 8 9 11 12 13 15 | 15.2
Short Blades   | 2 4 6 7 8 9 |  9.7
Stealth        | 5 7 9 10 12 | 12.0
Spellcasting   | 2 4 |  4.0
Evocations     | 3 7 12 | 12.0

Action                     |  1- 3 |  4- 6 |  7- 9 | 10-12 | 13-15 | 16-18 || total
---------------------------+-------+-------+-------+-------+-------+-------++-------
  Melee: Long sword        |   149 |   135 |       |       |       |       ||   284
         Tailslap          |    14 |    19 |   112 |   181 |   436 |    19 ||   781
         Short sword       |       |    32 |   642 |   900 |  1804 |    74 ||  3452
         Kick              |       |       |       |   286 |   496 |       ||   782
         Unarmed           |       |       |       |     3 |       |       ||     3
         Falchion          |       |       |       |       |    83 |       ||    83
         Rapier            |       |       |       |       |    40 |       ||    40
  Throw: Dart              |       |       |       |     1 |     1 |       ||     2
 Invoke: Minor Destruction |       |       |     1 |     3 |     5 |       ||     9
         Lesser Servant of |       |       |       |     8 |    35 |       ||    43
         Major Destruction |       |       |       |       |     1 |       ||     1
Ability: Evoke Blink       |       |       |       |       |     6 |       ||     6
  Evoke: Wand              |       |       |     7 |     6 |    19 |     1 ||    33
    Use: Potion            |     3 |     2 |     3 |     5 |     8 |     4 ||    25
         Scroll            |     2 |       |    20 |     6 |    19 |     3 ||    50
   Stab: Invisible         |       |       |       |     9 |     6 |       ||    15
         Sleeping          |       |       |       |    10 |    22 |     1 ||    33
         Distracted        |       |       |       |     1 |    20 |     1 ||    22
 Armour: Scale mail        |   123 |   148 |   396 |   223 |       |       ||   890
         Steam dragon scal |       |       |       |   316 |   585 |       ||   901
         Ring mail         |       |       |       |       |   482 |   140 ||   622
  Dodge: Dodged            |    47 |    52 |   140 |   208 |   366 |    33 ||   846
  Block: Buckler           |    30 |    34 |    84 |   141 |   767 |    24 ||  1080
         Reflection        |       |       |       |       |    84 |       ||    84

Table legend: (Time is in decaauts)
 A = Elapsed time spent in this place.
 B = Non-inter-level travel time spent in this place.
 C = Inter-level travel time spent in this place.
 D = Time resting spent in this place.
 E = Time spent auto-exploring this place.
 F = Levels seen in this place.
 G = Mean time per level.
                   A        B        C        D        E       F      G
               +--------+--------+--------+--------+--------+-----+--------+
         Total |  43248 |  41635 |   1613 |  19052 |  13870 |  24 | 1802.0 |
       Dungeon |  26774 |  25702 |   1072 |  11135 |   9454 |  15 | 1784.9 |
          Lair |  13009 |  12541 |    468 |   6661 |   3113 |   5 | 2601.8 |
   Spider Nest |   2223 |   2223 |      0 |    923 |    789 |   2 | 1111.5 |
  Orcish Mines |   1241 |   1170 |     71 |    333 |    513 |   2 |  620.5 |
               +--------+--------+--------+--------+--------+-----+--------+

Top non-repeatable levels by time:
  Lair:4: 5497 daAuts
     D:8: 4003 daAuts
  Lair:5: 3318 daAuts
     D:9: 2396 daAuts
Spider:1: 2178 daAuts
    D:15: 2074 daAuts
     D:7: 1931 daAuts
     D:6: 1880 daAuts
    D:14: 1755 daAuts
    D:12: 1740 daAuts
     D:5: 1725 daAuts
     D:4: 1719 daAuts
  Lair:3: 1716 daAuts
    D:10: 1678 daAuts
    D:11: 1602 daAuts
